 Dungeon Crawl Stone Soup version 0.23.2-30-g0e89c35649 (webtiles) character file.

Game seed: 3531561651340883584

37 Kairos the Skirmisher (level 3, 0/20 HPs)
             Began as a Vine Stalker Fighter on June 11, 2019.
             Succumbed to an adder's poison
             ... on level 2 of the Dungeon.
             The game lasted 00:01:04 (1064 turns).

Kairos the Skirmisher (Vine Stalker Fighter)        Turns: 1064, Time: 00:01:05

Health: 0/20       AC:  6    Str: 18    XL:     3   Next: 41%
Magic:  1/4        EV:  7    Int:  8    God:
Gold:   64         SH:  9    Dex: 14    Spells: 2/2 levels left

rFire    . . .     SeeInvis .   a - +0 rapier
rCold    . . .     Gourm    .   c - +0 shield
rNeg     . . .     Faith    .   b - +0 scale mail
rPois    .         Spirit   +   (no helmet)
rElec    .         Reflect  .   (no cloak)
rCorr    .         Harm     .   (no gloves)
MR       .....                  (no boots)
Stlth    ..........             (no amulet)
HPRegen  0.06/turn              (no ring)
MPRegen  0.09/turn              (no ring)

@: lethally poisoned (0 -> -8)
A: fangs 2, magic shield, antimagic bite, no potion heal 3, rot immunity
a: no special abilities


You were on level 2 of the Dungeon.
You were hungry.

You visited 1 branch of the dungeon, and saw 2 of its levels.

You collected 64 gold pieces.

Inventory:

Hand Weapons
 a - a +0 rapier (weapon)
Armour
 b - a +0 scale mail (worn)
 c - a +0 shield (worn)
Scrolls
 h - a scroll of remove curse {unknown}
 i - a scroll of amnesia {unknown}
 j - a scroll of immolation {unknown}
 k - a scroll of teleportation {unknown}
Potions
 d - a potion of might
 e - a potion of resistance {unknown}
 g - a potion of berserk rage
 l - 2 potions of curing {unknown}
Comestibles
 f - 3 rations


   Skills:
 + Level 3.1 Fighting
 + Level 2.0 Short Blades
 + Level 2.6 Armour
 * Level 0.8 Stealth
 + Level 3.1 Shields


You had 2 spell levels left.
You didn't know any spells.
Your spell library was empty.

Dungeon Overview and Level Annotations

Branches:
Dungeon (2/15)

Altars:
Yredelemnul


Innate Abilities, Weirdness & Mutations

You have extremely sharp teeth.
When hurt, damage is shared between your health and your magic reserves.
Your bite disrupts and absorbs the magic of your enemies.
Potions cannot restore your health.
You are immune to rotting.


Message History

You hit the adder.
You kill the adder!
You feel sick. The adder bites you but does no damage.
You closely miss the adder. You bite the adder, but do no damage.
The adder barely misses you.
The orc priest mumbles some strange prayers to Beogh against you.
Beogh smites you!
* * * LOW HITPOINT WARNING * * *
You closely miss the adder. The adder bites you.
* * * LOW HITPOINT WARNING * * *
The adder bites you.
* * * LOW HITPOINT WARNING * * *
You are more poisoned.
The adder poisons you!
You hit the adder. You bite the adder. You drain its power.
You feel invigorated.
The adder is severely wounded.
* * * LOW HITPOINT WARNING * * *
You feel sick. You block the adder's attack.
You die...

..............# [....
..............# ....
.............# ....
......#.....# ##..# ##
.####.....####### ##...##...
.###............. ##.........
.............######..........
.................##l.........
......#####...##@.Sooo.......
...........†..#####o.o.......
..............###...#...#....
#..P.P..........(.####### o##
#>.._.........##### ..
##.P.P........# .
............# #############


You could see an orc priest, an adder, 4 orcs and a frilled lizard.

Vanquished Creatures
  An adder (D:2)
  A worm (D:2)
  A leopard gecko (D:1)
  A ball python (D:1)
  A bat (D:1)
  2 giant cockroaches (D:2)
  3 hobgoblins
  6 jackals
  2 kobolds (D:2)
  3 rats
21 creatures vanquished.

Notes
Turn   | Place    | Note
-------+----------+-------------------------------------------
     0 | D:1      | Kairos the Vine Stalker Fighter began the quest for the
                  | Orb.
     0 | D:1      | Reached XP level 1. HP: 11/11 MP: 2/2
   127 | D:1      | Reached XP level 2. HP: 7/16 MP: 1/3
   786 | D:2      | Reached XP level 3. HP: 6/20 MP: 4/4
  1009 | D:2      | Found a basalt altar of Yredelemnul.
  1063 | D:2      | HP: 1/20 [poisoned by an adder]
  1064 | D:2      | Succumbed to an adder's poison

Skill      XL: |  1  2  3 |
---------------+----------+-----
Shields        | 3 |  3.1
Fighting       | 3 |  3.1
Short Blades   | 2 |  2.0
Armour         | |  2.6
Stealth        | |  0.8

Action                   || total
-------------------------++-------
Melee: Rapier            ||    68
       Bite              ||    23
  Use: Scroll            ||     1
Armor: Scale mail        ||    29
Dodge: Dodged            ||    28
Block: Shield            ||    26
